 Dungeon Crawl Stone Soup version 0.31.0-12-g77e489cdc1 (webtiles) character file.

Game seed: 16937953107154220701

833 Edyrem the Poker (level 7, -2/58 HPs)
             Began as a Merfolk Berserker on Feb 27, 2024.
             Was a Priest of Trog.
             Slain by an ice beast (12 damage)
             ... on level 5 of the Dungeon.
             The game lasted 00:07:12 (3794 turns).

Edyrem the Poker (Merfolk Berserker)                Turns: 3794, Time: 00:07:13

Health: -2/58      AC: 18    Str: 19    XL:     7   Next: 98%
Magic:  7/7        EV:  7    Int:  6    God:    Trog [***...]
Gold:   189        SH:  0    Dex: 14    Spells: 6/6 levels left

rFire   . . .        b - +0 war axe
rCold   . . .        (no shield)
rNeg    . . .        j - +0 plate armour
rPois   .            n - +2 helmet
rElec   .            o - scarf {repulsion}
rCorr   .            (no gloves)
SInv    +            q - +0 pair of boots
Will    .....        l - amulet of the acrobat Stlth
                     p - ring of see invisible
HPRegen 0.29/turn    u - +4 ring of protection
MPRegen 0.10/turn

%: repel missiles, acrobat
@: no status effects
A: (nimble swimmer 2), mertail
a: Renounce Religion, Berserk, Trog's Hand


You were on level 5 of the Dungeon.
You worshipped Trog.
Trog was most pleased with you.
You visited 1 branch of the dungeon, and saw 5 of its levels.

You collected 189 gold pieces.

Inventory:

Hand Weapons
 a - a +0 spear
 b - a +0 war axe (weapon)
Missiles
 i - 5 javelins
 k - a poisoned dart (quivered)
 w - a boomerang
Armour
 j - a +0 plate armour (worn)
 n - a +2 helmet (worn)
 o - a scarf of repulsion (worn)
 q - a +0 pair of boots (worn)
Jewellery
 l - an amulet of the acrobat (around neck)
 p - a ring of see invisible (left hand)
 u - a +4 ring of protection (right hand)
Talismans
 g - a granite talisman
Wands
 z - a wand of digging (1)
 B - a wand of paralysis (11)
 C - a wand of roots (9)
Scrolls
 d - a scroll of teleportation {unknown}
 r - a scroll of enchant armour {unknown}
 t - 2 scrolls of revelation {unknown}
 v - a scroll of enchant weapon {unknown}
 x - a scroll of summoning {unknown}
 y - a scroll of noise {unknown}
 D - a scroll of fog {unknown}
 F - a scroll of silence {unknown}
Potions
 c - 2 potions of might {unknown}
 e - a potion of berserk rage {unknown}
 f - 2 potions of heal wounds {unknown}
 h - a potion of brilliance {unknown}
 m - a potion of degeneration {unknown}
 s - a potion of invisibility {unknown}
 A - a potion of haste {unknown}
 E - a potion of experience {unknown}


   Skills:
 + Level 6.0 Fighting
 - Level 7.5 Polearms
 - Level 1.3 Armour
 - Level 5.2 Dodging
 * Level 4.7 Shapeshifting


You had 6 spell levels left.
You didn't know any spells.
Your spell library was empty.

Dungeon Overview and Level Annotations

Branches:
Dungeon (5/15)
 Temple: D:4-7

Altars:
Wu Jian


Innate Abilities, Weirdness & Mutations

((You are very nimble when in or above water. (Stealth+, EV+, Speed+++)))
Your lower body shifts to a powerful aquatic tail in water.


Message History

You slash the ice beast!
The ice beast is moderately wounded.
Your skin stops crawling.
You feel less strong-willed. The ice beast closely misses you.
The ice beast barely misses you.
You hit the ice beast.
The ice beast is moderately wounded.
The ice beast hits you but does no damage.
You closely miss the ice beast.
The ice beast is moderately wounded.
The ice beast barely misses you.
You barely miss the ice beast.
The ice beast is moderately wounded.
The ice beast hits you but does no damage. x2
You closely miss the ice beast.
The ice beast is moderately wounded.
The ice beast hits you but does no damage.
You barely miss the ice beast.
The ice beast is moderately wounded.
The ice beast barely misses you.
You completely miss the ice beast.
The ice beast is moderately wounded.
The ice beast hits you. The ice beast freezes you! The ice beast hits you.
The ice beast freezes you!
You hit the ice beast.
The ice beast is heavily wounded.
The ice beast closely misses you.
You hit the ice beast.
The ice beast is heavily wounded.
The ice beast barely misses you.
You hit the ice beast.
The ice beast is heavily wounded.
The ice beast hits you. The ice beast freezes you! The ice beast hits you.
The ice beast freezes you.
* * * LOW HITPOINT WARNING * * *
You slash the ice beast!
The ice beast is severely wounded.
The ice beast hits you.
* * * LOW HITPOINT WARNING * * *
The ice beast freezes you!
You die...

#.. #.# . #.#
.# #.# .# #..
..# .
####.##...#
.. ..#l(.l..#
...#####.#Y#
.........#@#
...........#
..........###
#.^.#####.#
#.........#
#...###.###
..##.#.##
#.....###.#
#...##.#.##


You could see an ice beast and an iguana.

Vanquished Creatures
  2 ogres
  A phantom (D:5)
  A gnoll sergeant (D:5)
  A scorpion (D:5)
  A howler monkey (D:4)
  A bombardier beetle (D:4)
  2 hounds
  A jelly (D:4)
  3 orc priests (D:4)
  Robin (D:2)
  4 gnolls (D:5)
  4 adders
  A shadow imp (D:4)
  3 dart slugs
  15 orcs (D:4)
  8 ball pythons
  3 bats
  6 endoplasms
  2 giant cockroaches (D:1)
  11 goblins
  9 hobgoblins
  6 jackals (D:2)
  8 kobolds
  3 quokkas
  A frilled lizard (D:2)
  3 rats
101 creatures vanquished.

Notes
Turn   | Place    | Note
-------+----------+-------------------------------------------
     0 | D:1      | Edyrem the Merfolk Berserker began the quest for the Orb.
     0 | D:1      | Reached XP level 1. HP: 18/18 MP: 1/1
   113 | D:1      | Reached XP level 2. HP: 20/24 MP: 2/2
   476 | D:1      | Reached XP level 3. HP: 29/29 MP: 3/3
   940 | D:2      | You fall into a shaft and drop 1 floor!
   940 | D:3      | Found an ornate altar of the Wu Jian Council.
  1060 | D:3      | Reached skill level 5 in Polearms
  1226 | D:2      | Noticed Robin
  1242 | D:2      | Reached ** piety under Trog
  1256 | D:2      | Killed Robin
  1257 | D:2      | Reached XP level 4. HP: 37/37 MP: 4/4
  2569 | D:3      | Identified the +0 leather armour of Blue Skies {Harm rN+}
  2621 | D:4      | Reached skill level 6 in Polearms
  2621 | D:4      | Reached XP level 5. HP: 30/42 MP: 5/5
  2674 | D:4      | Noticed an ogre
  2683 | D:4      | Killed an ogre
  2684 | D:4      | Reached XP level 6. HP: 14/49 MP: 6/6
  2865 | D:4      | Reached skill level 7 in Polearms
  2873 | D:4      | Reached skill level 5 in Dodging
  3070 | D:4      | Reached skill level 5 in Fighting
  3197 | D:4      | Reached XP level 7. HP: 46/56 MP: 7/7
  3273 | D:4      | Reached skill level 1 in Shapeshifting
  3427 | D:5      | Entered Level 5 of the Dungeon
  3434 | D:5      | Reached *** piety under Trog
  3794 | D:5      | Slain by an ice beast

Illustrated notes

Levels and vault maps discovered:
D:1:      psy_arrival_heroes, layout_loops_ring
D:2:      layout_basic, uniq_robin
D:3:      layout_basic, mainiacjoe_overflow_small_starburst
D:4:      layout_gridville
D:5:      layout_loops_cross, nicolae_overflow_hallway_of_the_gods,
          ebering_ghost_disaster_area, minmay_guarded_unrand_staff_of_olgreb

Skill      XL: |  1  2  3  4  5  6  7 |
---------------+----------------------+-----
Dodging        | 3 4 5 |  5.2
Polearms       | 5 6 7 |  7.5
Fighting       | 4 5 6 |  6.0
Shapeshifting  | 4 |  4.7
Armour         | |  1.3

Action                     |  1- 3 |  4- 6 |  7- 9 || total
---------------------------+-------+-------+-------++-------
  Melee: Spear             |   105 |    68 |       ||   173
         Punch             |     1 |     2 |     1 ||     4
         War axe           |       |    77 |    91 ||   168
  Throw: Dart              |       |       |     1 ||     1
 Invoke: Trog's Hand       |     1 |     2 |     1 ||     4
         Berserk           |     1 |     1 |       ||     2
   Stab: Sleeping          |     3 |       |       ||     3
 Armour: Animal skin       |    19 |       |       ||    19
         Plate armour      |    22 |   126 |    83 ||   231
  Dodge: Dodged            |    37 |    63 |    48 ||   148
         Repelled          |       |     1 |     1 ||     2
